 Dungeon Crawl Stone Soup version 0.14-a0-882-gdff4d47 (webtiles) character file.

3842 Malachi the Protected (level 9, -1/77 HPs)
             Began as a Djinni Healer on Nov 17, 2013.
             Was a Priest of Zin.
             Slain by a grizzly bear simulacrum (34 damage)
             ... on Level 8 of the Dungeon.
             The game lasted 00:16:37 (10384 turns).

Malachi the Protected (Djinni Healer)              Turns: 10384, Time: 00:16:37

HP  -1/77        AC 12     Str 16      XL: 9   Next: 84%
MP   0/0         EV  7     Int 12      God: Zin [***...]
Gold 277         SH  0     Dex 13      Spells:  0 memorised,  8 levels left

Res.Fire  : + + +   See Invis. : .   A - +0,+4 orc morningstar
Res.Cold  : x . .   Warding    : .   B - -2 orc chain mail
Life Prot.: + + +   Conserve   : .   (no shield)
Res.Poison: .       Res.Corr.  : .   x - +0 elf cap
Res.Elec. : .       Clarity    : .   c - +0 cloak
Sust.Abil.: . .     Spirit.Shd : .   j - +0 pair of elf gloves
Res.Mut.  : .       Stasis     : .   (boots unavailable)
Res.Rott. : .       Flight     : +   (no amulet)
Saprovore : . . .                    (no ring)
                                     (no ring)

@: flying, slightly resistant to hostile enchantments, extremely unstealthy
A: fire immunity, cold vulnerability, life protection 3
a: Recite, Vitalisation, Imprison, Renounce Religion


You were on level 8 of the Dungeon.
You worshipped Zin.
Zin was most pleased with you.
You were not hungry.

You visited 2 branches of the dungeon, and saw 9 of its levels.

You collected 307 gold pieces.
You donated 30 gold pieces.

Inventory:

Hand weapons
 h - a +1,+0 orcish whip of holy wrath
 v - a +1,+5 dwarven mace
 A - a +0,+4 orcish morningstar (weapon)
Armour
 c - a +0 cloak (worn)
 j - a +0 pair of elven gloves (worn)
 x - a +0 elven cap (worn)
 B - a -2 orcish chain mail (worn)
Magical devices
 w - a wand of cold (5)
Scrolls
 a - a scroll of magic mapping
 d - 6 scrolls of remove curse {unknown}
 e - a scroll of enchant armour {unknown}
 g - 3 scrolls of teleportation
 k - a scroll of amnesia
 m - a scroll of identify
 n - a scroll of fog
 q - 2 scrolls of recharging
 t - a scroll of noise
Jewellery
 p - an uncursed ring of fire
 r - an uncursed ring of wizardry {unknown}
Potions
 b - 3 potions of curing
 o - a potion of berserk rage {unknown}
 z - 3 potions of cure mutation
Books
 f - a book of the Warp

   Spells                             Type                      Level
   Recall                             Summoning/Translocation      3
   Control Teleport                   Charms/Translocation         4
   Phase Shift                        Translocation                5
   Warp Weapon                        Charms/Translocation         5
   Dispersal                          Translocation                6
   Controlled Blink                   Translocation                7
   Disjunction                        Translocation                8
 i - a book of Minor Magic

   Spells                             Type                      Level
   Magic Dart                         Conjuration                  1
   Blink                              Translocation                2
   Call Imp                           Summoning                    2
   Repel Missiles                     Charms/Air                   2
   Slow                               Hexes                        2
   Conjure Flame                      Conjuration/Fire             3
   Mephitic Cloud                     Conjuration/Poison/Air       3
 l - a book of Power

   Spells                             Type                      Level
   Iskenderun's Mystic Blast          Conjuration                  4
   Venom Bolt                         Conjuration/Poison           5
   Bolt of Magma                      Conjuration/Fire/Earth       5
   Fulminant Prism                    Conjuration/Hexes            5
   Iron Shot                          Conjuration/Earth            6
   Orb of Destruction                 Conjuration                  7
 u - a Young Poisoner's Handbook

   Spells                             Type                      Level
   Sting                              Conjuration/Poison           1
   Cure Poison                        Poison                       2
   Mephitic Cloud                     Conjuration/Poison/Air       3
   Olgreb's Toxic Radiance            Poison                       4
   Venom Bolt                         Conjuration/Poison           5


   Skills:
 + Level 5.4 Fighting
   Level 0.6 Long Blades
 + Level 6.9 Maces & Flails
 + Level 9.2 Armour
 - Level 3.1 Dodging
 * Level 6.3 Invocations
 - Level 1.4 Evocations


You had 8 spell levels left.
You didn't know any spells.

Dungeon Overview and Level Annotations

Branches:
Dungeon (8/16)             Temple (1/1) D:5
    Orc: D:6-11        Lair: D:8-13

Altars:
Ashenzari
Cheibriados
Elyvilon
Kikubaaqudgha
Nemelex Xobeh
Okawaru
Sif Muna
Trog
Vehumet
Xom
Yredelemnul
Zin
the Shining One
Jiyva


Innate Abilities, Weirdness & Mutations

You are immune to all types of fire, even holy and hellish.
You are vulnerable to cold.
You need no food.
You have no legs.
You are immune to negative energy.


Message History

9 simulacra come into view.
Unknown command.
You hit the grizzly bear simulacrum.
The grizzly bear simulacrum bites you but does no damage.
The grizzly bear simulacrum claws you.
The grizzly bear simulacrum freezes you!
You feel a terrible chill!
The grizzly bear simulacrum claws you but does no damage.
You hit the grizzly bear simulacrum.
The grizzly bear simulacrum closely misses you.
The grizzly bear simulacrum claws you.
The grizzly bear simulacrum freezes you!
You feel a terrible chill!
The grizzly bear simulacrum claws you but does no damage.
You puncture the grizzly bear simulacrum!
The grizzly bear simulacrum barely misses you.
The grizzly bear simulacrum claws you.
The grizzly bear simulacrum freezes you!
You feel a terrible chill!
You die...

...................# #.........
#######..##.####...#####.........
#.....#..##.#..........#.....####
#.....#..##...#####.P........#
+.....#..####.#.zz#.⌠........#
+.....#..# #.#zzZ#.P........#
#.....#..# #@#zzz#..).......#
#.....#.)# #.##Z###'#.......####
####'##..####(#.@....#...........
............@.#......#...........
............(.#(#....#...........
############(.#[#....#.##########
##.########.# #..........#
############


You could see a rat simulacrum, 6 sheep simulacra and 2 grizzly bear simulacra.

Vanquished Creatures
  Joseph (D:8)
  A necromancer (D:8)
  Psyche (D:8)
  Grinder (D:3)
  Eustachio (D:8)
  2 hippogriffs (D:7)
  Edmund (D:6)
  A sky beast (D:7)
  2 centaurs
  2 phantoms
  Duvessa (D:6)
  2 giant frogs
  A goliath beetle (D:8)
  A wight (D:8)
  A yak skeleton (D:8)
  Dowan (D:6)
  2 giant frog zombies
  A quasit (D:8)
  3 crimson imps
  An iron imp (D:8)
  6 jellies
  2 hounds
  2 scorpions
  4 iguanas
  4 worker ants
  A grizzly bear simulacrum (D:8)
  An ogre zombie (D:5)
  Ijyb (D:6)
  Terence (D:2)
  3 gnolls (D:6)
  6 adders
  5 green rats (D:8)
  A lemure (D:8)
  A hound simulacrum (D:8)
  A giant mite (D:6)
  An inept feature mimic (D:4)
  2 white imps (D:8)
  A shadow imp (D:8)
  An ufetubus (D:8)
  7 worms
  A scorpion zombie (D:6)
  3 grey rats (D:8)
  7 giant geckos
  An ooze (D:6)
  7 orcs
  3 ball pythons
  4 giant cockroaches
  20 goblins
  12 hobgoblins
  A jackal (D:1)
  12 kobolds
  A quokka (D:8)
  21 bats
  5 giant newts
  A goblin skeleton (D:4)
  A hobgoblin skeleton (D:4)
  15 rats
  A rat skeleton (D:6)
194 creatures vanquished.

Vanquished Creatures (others)
  A giant newt (D:1)
  6 toadstools
7 creatures vanquished.

Grand Total: 201 creatures vanquished

Notes
Turn   | Place    | Note
--------------------------------------------------------------
     0 | D:1      | Malachi, the Djinni Healer, began the quest for the Orb.
     0 | D:1      | Reached XP level 1. HP: 16/16 MP: 0/0
   530 | D:1      | Reached XP level 2. EP: 23/23
  1644 | D:2      | Reached XP level 3. EP: 20/29
  1731 | D:2      | Reached skill level 4 in Invocations
  1871 | D:2      | Noticed Terence
  1913 | D:2      | HP: 1/30 [Terence/runed short sword (4)]
  1933 | D:2      | Killed Terence
  2467 | D:3      | Reached XP level 4. EP: 30/37
  2848 | D:3      | Noticed Grinder
  2851 | D:3      | Paralysed by Grinder for 6 turns
  3185 | D:4      | Found a staircase to the Ecumenical Temple.
  3193 | D:4      | the staircase to the Ecumenical Temple was a mimic.
  3202 | D:4      | Found a basalt altar of Yredelemnul.
  3209 | D:4      | Reached skill level 1 in Armour
  3359 | D:4      | Reached XP level 5. EP: 33/44
  4983 | D:3      | Killed Grinder
  4983 | D:3      | Reached skill level 1 in Maces & Flails
  4983 | D:3      | Reached XP level 6. EP: 13/52
  5149 | D:5      | Entered Level 5 of the Dungeon
  5407 | D:5      | Reached XP level 7. EP: 47/57
  5540 | D:5      | Found a staircase to the Ecumenical Temple.
  5639 | Temple   | Entered the Ecumenical Temple
  5846 | Temple   | Fell from the grace of Elyvilon
  5846 | Temple   | Became a worshipper of Zin the Law-Giver
  5846 | Temple   | Acquired Zin's first power
  5928 | D:5      | Reached skill level 5 in Armour
  5950 | D:5      | Acquired Zin's second power
  6495 | D:6      | Noticed Duvessa
  6507 | D:6      | Noticed Dowan
  6517 | D:6      | Killed Duvessa
  6548 | D:6      | HP: 2/59 [Dowan/shard of ice (26)]
  6554 | D:6      | Killed Dowan
  6804 | D:6      | Noticed Edmund
  6824 | D:6      | HP: 2/59 [Edmund/runed flail (2)]
  6833 | D:6      | Killed Edmund
  6839 | D:6      | Reached XP level 8. EP: 10/67
  7059 | D:6      | Reached skill level 6 in Armour
  7339 | D:6      | Found a shimmering altar of Xom.
  7351 | D:6      | Noticed Ijyb
  7369 | D:6      | Killed Ijyb
  7443 | D:6      | Found a viscous altar of Jiyva.
  8197 | D:7      | Reached skill level 5 in Maces & Flails
  8197 | D:7      | Reached skill level 7 in Armour
  8197 | D:7      | Reached skill level 5 in Invocations
  8830 | D:7      | Reached XP level 9. EP: 27/76
  9176 | D:7      | Acquired Zin's third power
  9331 | D:8      | Noticed Eustachio
  9468 | D:8      | Killed Eustachio
  9617 | D:8      | Reached skill level 5 in Fighting
  9725 | D:8      | Noticed Joseph
  9753 | D:8      | Killed Joseph
  9753 | D:8      | Reached skill level 8 in Armour
  9753 | D:8      | Reached skill level 1 in Evocations
  9817 | D:8      | Noticed Psyche
  9822 | D:8      | Killed Psyche
 10121 | D:8      | Noticed a necromancer
 10143 | D:8      | Killed a necromancer
 10143 | D:8      | Reached skill level 9 in Armour
 10384 | D:8      | Slain by a grizzly bear simulacrum

Action                   |  1- 3 |  4- 6 |  7- 9 || total
-------------------------+-------+-------+-------++-------
Melee: Dagger            |    85 |       |       ||    85
       Unarmed           |     8 |       |     1 ||     9
       Hand axe          |    51 |       |       ||    51
       Short sword       |    39 |    87 |       ||   126
       Morningstar       |       |   101 |   414 ||   515
       Falchion          |       |    48 |       ||    48
       Whip              |       |       |     7 ||     7
       Flail             |       |       |    88 ||    88
Invok: Lesser Healing    |    15 |       |       ||    15
       Recite            |       |       |     2 ||     2
Evoke: Wand              |       |     2 |    10 ||    12
  Use: Scroll            |     1 |    12 |     4 ||    17
       Potion            |     1 |     1 |     6 ||     8
